 Dungeon Crawl Stone Soup version 0.31-a0-982-g1816016f30 (webtiles) character file.

Game seed: 14281290554387405773

7 BinkBink the Ducker (level 2, 0/25 HPs)
             Began as a Djinni Monk on Nov 2, 2023.
             Slain by a worm (10 damage)
             ... on level 2 of the Dungeon.
             The game lasted 00:00:29 (383 turns).

BinkBink the Ducker (Djinni Monk)                    Turns: 383, Time: 00:00:30

Health: 0/25       AC:  2    Str: 10    XL:     2   Next: 5%
Gold:   15         EV: 13    Int: 11    God:
                   SH:  0    Dex: 15

rFire   + +          .
                       - Unarmed
rCold   x . .        c - orb {light}
rNeg    . . .        a - +0 robe
rPois   ∞            (no helmet)
rElec   .            (no cloak)
rCorr   .            (no gloves)
SInv    .            (boots unavailable)
Will    .....        (no amulet)
Stlth   +            (no ring)
HPRegen 0.24/turn    (no ring)
MPRegen 0.00/turn

%: infuse magic (-1 HP)
@: flying, glowing
A: sickness immunity, fire resistance 2, cold vulnerability 1, float, innate
caster, HP casting, extra vitality 1
a: no special abilities


You were on level 2 of the Dungeon.
You visited 1 branch of the dungeon, and saw 2 of its levels.

You collected 15 gold pieces.

Inventory:

Armour
 a - a +0 robe (worn)
 c - an orb of light (worn)
Scrolls
 d - a scroll of teleportation {unknown}
 e - a scroll of identify {unknown}
 f - a scroll of silence {unknown}
 g - a scroll of revelation {unknown}
Potions
 b - a potion of ambrosia


   Skills:
 + Level 3.1 Fighting
 + Level 3.4 Dodging
 + Level 3.1 Unarmed Combat
 + Level 0.2 Spellcasting
 + Level 0.2 Conjurations
 + Level 0.2 Hexes
   Level 0.0 Charms
 + Level 0.2 Summonings
 + Level 0.2 Necromancy
 + Level 0.2 Translocations
 + Level 0.2 Transmutations
 + Level 0.2 Fire Magic
 + Level 0.2 Ice Magic
 + Level 0.2 Air Magic
 + Level 0.2 Earth Magic
 + Level 0.2 Poison Magic You didn't know any spells. Your spell library was empty.

Dungeon Overview and Level Annotations

Branches:
Dungeon (1/15)

Altars:


Innate Abilities, Weirdness & Mutations

You are immune to sickness and miasma.
You are immune to poison.
Your flesh is very heat resistant. (rF++)
You are vulnerable to cold. (rC-)
You float through the air rather than walking.
You learn spells naturally, not from books.
Your magical power is your life essence.
You have superior vitality. (+4 MHP)


Message History

You have reached level 2!
You hit the bat.
The bat is severely wounded.
The bat barely misses you.
You hit the bat but do no damage.
The bat is severely wounded.
The bat closely misses you.
Found 9 stones.
The bat barely misses you.
You see here a bat corpse.
The bat misses you.
You closely miss the bat.
The bat is severely wounded.
The bat closely misses you.
Found a short sword.
The bat closely misses you.
A worm comes into view.
The bat hits you. The bat completely misses you.
You hit the bat.
You kill the bat!
A quokka comes into view.
The quokka moves out of view.
You see here a bat corpse.
You hit the worm.
The worm is moderately wounded.
The worm misses you.
You hit the worm.
The worm is heavily wounded.
You hit the worm.
The worm is heavily wounded.
The worm bites you.
You hit the worm but do no damage.
The worm is heavily wounded.
The quokka closely misses you. The worm bites you!
You hit the worm.
The worm is severely wounded.
The quokka bites you.
You hit the worm.
The worm is almost dead.
The quokka bites you. The worm bites you!
You die...

........###...#)#..
...........#...##.##. .
...........#...#...#. ..
..........#..##...## ...
#........'..#.....#
....##........'..#.....#
....)(........##........
......r.....†.###..####.
......w@†.....# ##......
.............## #......
..........!.## #......
...........## .......
..........## .......
#........## .......
####++#### ........


You could see a worm and a quokka.

Vanquished Creatures
  2 goblins (D:1)
  A quokka (D:1)
  A ball python (D:2)
  3 bats
7 creatures vanquished.

Notes
Turn   | Place    | Note
-------+----------+-------------------------------------------
     0 | D:1      | BinkBink the Djinni Monk began the quest for the Orb.
     0 | D:1      | Reached XP level 1. HP: 20/20 MP: 0/0
   274 | D:1      | You are sucked into a shaft and drop 1 floor!
   367 | D:2      | Reached XP level 2. HP: 25/25 MP: 0/0
   383 | D:2      | Slain by a worm

Illustrated notes

Levels and vault maps discovered:
D:1:      elethiomel_arrival_shortcut, layout_loops_ring
D:2:      kennysheep_big_flooded_room, layout_basic, minmay_unequal

Action                     || total
---------------------------++-------
  Melee: Unarmed           ||    28
 Armour: Robe              ||    21
  Dodge: Dodged            ||    17

Table legend: (Time is in decaauts)
 A = Elapsed time spent in this place.
 B = Non-inter-level travel time spent in this place.
 C = Inter-level travel time spent in this place.
 D = Time resting spent in this place.
 E = Time spent auto-exploring this place.
 F = Levels seen in this place.
 G = Mean time per level.
                   A        B        C        D        E       F      G
               +--------+--------+--------+--------+--------+-----+--------+
         Total |    381 |    381 |      0 |      0 |    319 |   2 |  190.5 |
       Dungeon |    381 |    381 |      0 |      0 |    319 |   2 |  190.5 |
               +--------+--------+--------+--------+--------+-----+--------+

Top non-repeatable levels by time:
     D:1: 273 daAuts
     D:2: 107 daAuts
